 Dungeon Crawl Stone Soup version 0.27-a0-1191-g601b473118 (webtiles) character file.

Game seed: 18251939622802459463

14036 tilp the Spear-Bearer (level 12, -2/92 HPs)
             Began as a Barachi Summoner on May 23, 2021.
             Was a High Priest of Okawaru.
             Slain by a skeletal warrior
             ... wielding a +0 vorpal quarterstaff
              (4 damage)
             ... on level 11 of the Dungeon.
             The game lasted 00:40:17 (20144 turns).

tilp the Spear-Bearer (Barachi Summoner)           Turns: 20144, Time: 00:40:17

Health: -2/92      AC: 17    Str: 14    XL:     12   Next: 12%
Magic:  6/18       EV: 17    Int: 16    God:    Okawaru [*****.]
Gold:   451        SH:  0    Dex: 19    Spells: 2/19 levels left

rFire    . . .     SeeInvis .   a - +0 trident
rCold    + . .     Faith    .   (no shield)
rNeg     . . .     Spirit   .   x - +2 ring mail {rC+}
rPois    .         Reflect  .   s - +2 helmet
rElec    .         Harm     .   u - +0 cloak
rCorr    .         Rampage  .   (no gloves)
Will     .....                  c - +0 pair of boots
Stlth    ++++......             k - amulet of magic regeneration
HPRegen  0.25/turn              p - +4 ring of protection
MPRegen  0.41/turn              v - +6 ring of dexterity

@: heroic, finesse-ful, unable to hop, slow
A: amphibious, slowness 1, strong legs 1, +LOS
a: Hop, Renounce Religion, Heroism, Finesse


You were on level 11 of the Dungeon.
You worshipped Okawaru.
Okawaru was extremely pleased with you.
You visited 2 branches of the dungeon, and saw 12 of its levels.

You collected 601 gold pieces.
You spent 150 gold pieces at shops.

Inventory:

Hand Weapons
 a - a +0 trident (weapon)
 b - a +1 whip of venom
 r - a +0 glaive
 w - a +1 halberd
 C - a +1 spear
Missiles
 t - 10 curare-tipped darts
 D - 34 poisoned darts (quivered)
 E - 6 boomerangs
Armour
 c - a +0 pair of boots (worn)
 s - a +2 helmet (worn)
 u - a +0 cloak (worn)
 x - a +2 ring mail of cold resistance (worn)
 G - a +0 robe of the Archmagi
 I - a +0 buckler
 J - a +1 leather armour of fire resistance
Jewellery
 k - an amulet of magic regeneration (around neck)
 p - a +4 ring of protection (left hand)
 v - a +6 ring of dexterity (right hand)
 y - a ring of protection from fire
 H - a ring of wizardry
Wands
 i - a wand of iceblast (23)
 o - a wand of polymorph (9)
 A - a wand of mindburst (21)
 M - a wand of paralysis (6)
 N - a wand of acid (6)
Scrolls
 e - a scroll of brand weapon
 n - 2 scrolls of enchant weapon
 q - 2 scrolls of fog
 F - a scroll of blinking
 O - a scroll of magic mapping
Potions
 d - 2 potions of brilliance
 f - 3 potions of lignification
 g - 2 potions of ambrosia
 h - a potion of flight
 j - 4 potions of heal wounds
 l - 3 potions of magic
 m - 2 potions of resistance
 z - a potion of invisibility
 B - 2 potions of might
 K - 2 potions of berserk rage
Miscellaneous
 L - a piece from Xom's chessboard (15/15)


   Skills:
 - Level 8.0(13.0) Fighting
 + Level 11.4(16.4) Polearms
 - Level 6.0(11.0) Dodging
 - Level 4.0(9.0) Stealth
 - Level 4.0 Spellcasting
 - Level 10.0 Summonings
 - Level 8.0 Invocations
 - Level 4.0 Evocations


You had 2 spell levels left.
You knew the following spells:

 Your Spells              Type           Power      Damage    Failure   Level
a - Summon Small Mammal   Summ           100%       N/A       1%          1
b - Call Imp              Summ           35%        N/A       1%          2
c - Call Canine Familiar  Summ           35%        N/A       1%          3
d - Summon Guardian Gole  Hex/Summ       19%        N/A       12%         3
e - Summon Ice Beast      Ice/Summ       19%        N/A       38%         4
f - Summon Lightning Spi  Summ/Air       19%        N/A       38%         4

Your spell library contained the following spells:

 Spells                   Type           Power      Damage    Failure   Level
 Corona                   Hex            3%         N/A       32%         1
 Slow                     Hex            3%         N/A       43%         2
 Inner Flame              Hex/Fire       3%         N/A       67%         3
 Portal Projectile        Hex/Tloc       6%         N/A       67%         3
 Cause Fear               Hex            1%         N/A       97%         4
 Leda's Liquefaction      Hex/Erth       1%         N/A       97%         4


Dungeon Overview and Level Annotations

Branches:
Dungeon (11/15)            Temple (1/1) D:4            Lair (0/6) D:11
    Orc (0/2) D:11

Altars:
Ashenzari
Cheibriados
Dithmenos
Elyvilon
Fedhas
Gozag
Hepliaklqana
Kikubaaqudgha
Makhleb
Nemelex Xobeh
Okawaru
Qazlal
Ru
Sif Muna
Trog
Uskayaw
Vehumet
Wu Jian
Xom
Yredelemnul
Zin
The Shining One
Beogh

Shops:
D:6 *

Annotations:
D:1 lava vault
D:5 dig vault
D:7 exclusion: vampire


Innate Abilities, Weirdness & Mutations

You are amphibious.
You cover ground slowly.
You can hop short distances.
You have an extended range of vision and can be seen from far away.


Message History

Confirm with . or Enter, or press ? or * to list all spells.
Your white imp disappears in a puff of smoke!
The skeletal warrior closely misses you.
Unknown command.
You hit the skeletal warrior but do no damage.
The skeletal warrior is moderately damaged.
You hit the skeletal warrior but do no damage.
The skeletal warrior is moderately damaged.
Unknown command.
You closely miss the skeletal warrior.
The skeletal warrior is moderately damaged.
Your hound bites the skeletal warrior.
You hit the skeletal warrior but do no damage.
The skeletal warrior is moderately damaged.
The skeletal warrior closely misses you.
The centaur warrior zombie misses your hound.
The centaur warrior zombie closely misses your hound.
Unknown command.
You hit the skeletal warrior but do no damage.
The skeletal warrior is moderately damaged.
Your hound bites the skeletal warrior but does no damage.
Unknown command.
You closely miss the skeletal warrior.
The skeletal warrior is moderately damaged.
Unknown command.
You hit the skeletal warrior but do no damage.
The skeletal warrior is moderately damaged.
The centaur warrior zombie hits your hound.
The centaur warrior zombie kicks your hound but does no damage.
The skeletal warrior hits you with a +0 vorpal quarterstaff!
* * * LOW HITPOINT WARNING * * *
x2 Your hound bites the centaur warrior zombie but does no damage.
You closely miss the skeletal warrior.
The skeletal warrior is moderately damaged.
Unknown command.
Your hound bites the centaur warrior zombie.
The centaur warrior zombie closely misses your hound. x2
The skeletal warrior hits you with a +0 vorpal quarterstaff!
* * * LOW HITPOINT WARNING * * *
You die...

#......##..............
##....###.#............
##..###..##.......####
##.###.####......#
####..# #...#### ##.##
##..# #..# ##.# ##.##
### #. #.@# ... ..
##z## #... .. #.h# #..#
#. ##Z## #..# #.z# #..#
##..## #### #..#
##....## #..#####..#
#......## #.......# #
#......z###.......## .


You could see a skeletal warrior, a wight, a centaur warrior zombie (ally
target) and a friendly hound (summoned).

Vanquished Creatures
  Nergalle (D:11)
  A necromancer (D:11)
  Pikel (D:7)
  2 orc knights (D:11)
  2 gargoyles (D:11)
  A flying skull (D:11)
  Eustachio (D:3)
  A shadow (D:11)
  4 water elementals (D:10)
  8 yaks
  2 wraiths (D:11)
  Menkaure (D:6)
  Edmund (D:5)
  Duvessa (D:4)
  2 hornet zombies
  A necrophage (D:6)
  8 orc warriors
  An ogre (D:5)
  3 centaurs
  A kobold brigand (D:10)
  A bullfrog (D:9)
  Blork the orc (D:6)
  2 scorpions (D:4)
  2 gnoll sergeants
  11 killer bees
  8 wights
  A howler monkey (D:10)
  A bullfrog zombie (D:6)
  7 centaur zombies
  A jelly (D:5)
  A gnoll shaman (D:6)
  3 orc priests
  5 centaur skeletons
  4 iguanas
  A bullfrog skeleton (D:5)
  3 orc wizards
  A scorpion zombie (D:5)
  Robin (D:4)
  A howler monkey zombie (D:11)
  6 gnolls
  2 adders
  A howler monkey skeleton (D:11)
  2 adder skeletons (D:4)
  2 worms (D:3)
  4 dart slugs
  25 orcs
  6 endoplasms
  10 goblins
  A hobgoblin (D:1)
  5 jackals
  3 quokkas
  7 ball pythons
  5 bats
  2 frilled lizards (D:3)
  14 kobolds
  7 rats
200 creatures vanquished.

Vanquished Creatures (collateral kills)
  A cyclops (D:11)
  4 centaur zombies (D:11)
  Maggie (D:6)
  A troll (D:11)
  Prince Ribbit (D:7)
  A flying skull (D:11)
  4 yaks
  A shadow (D:11)
  A steam dragon (D:8)
  An orc warrior (D:11)
  A necrophage (D:4)
  A centaur (D:3)
  3 kobold brigands
  A scorpion (D:4)
  Dowan (D:4)
  3 killer bees
  4 wights
  2 hounds
  2 orc wizards
  A hound skeleton (D:5)
  A howler monkey skeleton (D:6)
  5 gnolls
  3 adders
  A dart slug (D:2)
  A worm (D:2)
  5 orcs
  9 goblins
  A hobgoblin (D:4)
  3 jackals (D:1)
  12 kobolds
  A quokka (D:1)
  3 ball pythons
  2 bats
82 creatures vanquished.

Vanquished Creatures (others)
  3 plants (D:1)
3 creatures vanquished.

Grand Total: 285 creatures vanquished

Notes
Turn   | Place    | Note
-------+----------+-------------------------------------------
     0 | D:1      | tilp the Barachi Summoner began the quest for the Orb.
     0 | D:1      | Reached XP level 1. HP: 13/13 MP: 3/3
    92 | D:1      | Reached skill level 1 in Fighting
   206 | D:1      | Reached XP level 2. HP: 22/22 MP: 5/5
   211 | D:1      | Learned a level 2 spell: Call Imp
   908 | D:1      | Reached XP level 3. HP: 29/29 MP: 6/6
  1033 | D:1      | Learned a level 3 spell: Call Canine Familiar
  1315 | D:2      | Reached skill level 5 in Summonings
  2521 | D:3      | Reached XP level 4. HP: 28/35 MP: 4/8
  3552 | D:4      | Noticed Dowan
  3987 | D:4      | Noticed a scorpion
  3999 | D:4      | Killed a scorpion
  4018 | D:4      | Found a staircase to the Ecumenical Temple.
  4020 | D:4      | Noticed a scorpion
  4031 | D:4      | Killed a scorpion
  4032 | D:4      | Reached skill level 1 in Polearms
  4032 | D:4      | Reached skill level 1 in Evocations
  4032 | D:4      | Reached XP level 5. HP: 41/41 MP: 4/9
  4039 | Temple   | Entered the Ecumenical Temple
  4131 | Temple   | Became a worshipper of Warmaster Okawaru
  4255 | D:4      | Noticed Duvessa
  4280 | D:4      | Reached skill level 2 in Polearms
  4291 | D:3      | Reached XP level 6. HP: 25/47 MP: 10/10
  4737 | D:4      | Noticed Eustachio
  4770 | D:3      | Reached skill level 3 in Polearms
  5152 | D:3      | Killed Eustachio
  5152 | D:3      | Reached * piety under Okawaru
  5153 | D:3      | Reached skill level 4 in Polearms
  5153 | D:3      | Reached XP level 7. HP: 43/52 MP: 11/11
  5312 | D:4      | You fall into a shaft and drop 2 floors!
  5355 | D:6      | Noticed Blork the orc
  5380 | D:6      | Killed Blork the orc
  5386 | D:6      | Reached skill level 1 in Invocations
  5612 | D:6      | Reached ** piety under Okawaru
  5824 | D:6      | Noticed Maggie
  5836 | D:6      | Killed Maggie
  5837 | D:6      | Reached XP level 8. HP: 43/58 MP: 12/12
  5914 | D:6      | Found Jymaefon's General Store.
  6160 | D:5      | Entered Level 5 of the Dungeon
  6270 | D:6      | Noticed Menkaure
  6370 | D:4      | Found a shadowy altar of Dithmenos.
  6668 | D:4      | Killed Dowan
  6716 | D:4      | Killed Duvessa
  7030 | D:4      | Noticed Robin
  7051 | D:4      | Killed Robin
  7559 | D:5      | Noticed Edmund
  7614 | D:5      | Killed Edmund
  7614 | D:5      | Reached *** piety under Okawaru
  8044 | D:5      | Reached skill level 5 in Polearms
  8847 | D:6      | Bought 2 potions of heal wounds for 150 gold pieces
  9202 | D:6      | Reached skill level 6 in Polearms
  9202 | D:6      | Reached XP level 9. HP: 53/64 MP: 11/13
  9423 | D:6      | Killed Menkaure
  9498 | D:7      | Noticed Pikel
  9539 | D:7      | Killed Pikel
  9803 | D:7      | Found a radiant altar of Vehumet.
  9941 | D:7      | Noticed Prince Ribbit
 10046 | D:7      | Found a hazy altar of Hepliaklqana.
 10197 | D:7      | Found a glowing golden altar of the Shining One.
 10632 | D:7      | Killed Prince Ribbit
 10942 | D:8      | Reached **** piety under Okawaru
 11371 | D:8      | Reached skill level 5 in Fighting
 12341 | D:9      | Reached skill level 5 in Invocations
 12467 | D:9      | Reached skill level 7 in Polearms
 12467 | D:9      | Reached XP level 10. HP: 63/76 MP: 11/16
 13439 | D:9      | Learned a level 3 spell: Summon Guardian Golem
 13444 | D:9      | Learned a level 4 spell: Summon Ice Beast
 13449 | D:9      | Learned a level 4 spell: Summon Lightning Spire
 13469 | D:10     | Entered Level 10 of the Dungeon
 13590 | D:10     | Received a gift from Okawaru
 13616 | D:10     | Reached skill level 8 in Polearms
 15145 | D:10     | Reached skill level 9 in Polearms
 15691 | D:11     | Found a staircase to the Orcish Mines.
 15691 | D:11     | Noticed an orc knight
 15691 | D:11     | Noticed a cyclops
 15715 | D:11     | Found a staircase to the Lair.
 15727 | D:11     | Noticed a four-headed hydra
 15731 | D:11     | Noticed a gargoyle
 15822 | D:11     | Killed an orc knight
 15822 | D:11     | Reached ***** piety under Okawaru
 16270 | D:11     | Reached skill level 10 in Polearms
 16270 | D:11     | Reached XP level 11. HP: 67/81 MP: 17/17
 16557 | D:11     | Reached skill level 10 in Summonings
 16857 | D:11     | Noticed Nergalle
 16901 | D:11     | Killed Nergalle
 16901 | D:11     | Received a gift from Okawaru
 17431 | D:11     | Killed a cyclops
 17799 | D:11     | Noticed an orc knight
 17873 | D:11     | Noticed a skeletal warrior
 18051 | D:11     | Reached skill level 5 in Dodging
 18100 | D:11     | Killed an orc knight
 18223 | D:11     | Received a gift from Okawaru
 18493 | D:11     | Noticed a necromancer
 18518 | D:11     | Killed a necromancer
 19147 | D:11     | Received a gift from Okawaru
 19332 | D:11     | Reached skill level 11 in Polearms
 19727 | D:11     | Reached XP level 12. HP: 80/92 MP: 18/18
 20144 | D:11     | HP: 2/92 [skeletal warrior/+0 vorpal quarterstaff (17)]
 20144 | D:11     | Slain by a skeletal warrior

Illustrated notes

Levels and vault maps discovered:
D:1:      lemuel_arrival_lava_pool, layout_loops_ring, serial_bayou_pond_e
D:2:      layout_basic, minmay_quadrilaterals
D:3:      minmay_recursive_quarters, layout_basic, feat_on_display
D:4:      layout_loops_ring, kennysheep_little_box, minmay_temple_entry_slanted,
          minmay_vboxes, uniq_robin, uniq_eustachio, uniq_duvessa
D:5:      lemuel_ice_spiral_2, layout_basic, item_on_display_a, uniq_edmund
D:6:      layout_loops_ring, serial_shops, shop, uniq_maggie,
          uniq_blork_the_orc, uniq_menkaure
D:7:      layout_loops_ring, lemuel_doored_altar, vehumet_crystals,
          kennysheep_mini, uniq_prince_ribbit1, uniq_pikel
D:8:      layout_basic, serial_glass, glass_columns_c, glass_columns_b,
          glass_columns_a, glass_columns_a, glass_columns_a, glass_columns_a,
          item_on_display_a
D:9:      layout_irregular_city, minmay_misc_feat_pillars, chequers_arboretum
D:10:     layout_roguey, nicolae_underground_beach
D:11:     hangedman_screamer, layout_cave_pods, lair_entry_dummy, david_orc_5,
          portal_ice_cave_entry_ice_beasts, minivault_7, uniq_nergalle
Temple:   compressed_dpeg_circular_temple

Skill      XL: |  1  2  3  4  5  6  7  8  9 10 11 12 |
---------------+-------------------------------------+-----
Fighting       | 1 3 4 5 6 8 |  8.0
Summonings     | 5 6 8 9 10 | 10.0
Spellcasting   | 3 4 |  4.0
Polearms       | 1 2 4 6 7 10 11 | 11.4
Evocations     | 1 2 3 4 |  4.0
Invocations    | 4 5 6 7 8 |  8.0
Stealth        | 2 4 |  4.0
Dodging        | 4 6 |  6.0

Action                   |  1- 3 |  4- 6 |  7- 9 | 10-12 || total
-------------------------+-------+-------+-------+-------++-------
Melee: Spear             |   120 |    43 |   240 |       ||   403
       Whip              |       |    73 |    52 |       ||   125
       Trident           |       |       |   185 |   852 ||  1037
       Punch             |       |       |       |     8 ||     8
Throw: Dart              |       |       |     5 |    20 ||    25
 Cast: Summon Small Mamm |     9 |     1 |     1 |       ||    11
       Call Imp          |    19 |     6 |    31 |    27 ||    83
       Call Canine Famil |     2 |     9 |    64 |    58 ||   133
Invok: Heroism           |       |       |     2 |    18 ||    20
       Finesse           |       |       |       |     3 ||     3
 Abil: Hop               |     1 |       |     1 |     3 ||     5
Evoke: Wand              |       |       |     7 |     9 ||    16
  Use: Scroll            |     3 |     4 |     9 |     7 ||    23
 Stab: Sleeping          |     9 |       |     7 |     1 ||    17
       Distracted        |       |       |    11 |    20 ||    31
Armor: Robe              |    28 |     4 |       |       ||    32
       Leather armour    |       |    11 |       |       ||    11
       Ring mail         |       |    33 |   154 |   351 ||   538
       Acid dragon scale |       |       |    20 |       ||    20
Dodge: Dodged            |    69 |    83 |   185 |   476 ||   813

Table legend: (Time is in decaauts)
 A = Elapsed time spent in this place.
 B = Non-inter-level travel time spent in this place.
 C = Inter-level travel time spent in this place.
 D = Time resting spent in this place.
 E = Time spent auto-exploring this place.
 F = Levels seen in this place.
 G = Mean time per level.
                   A        B        C        D        E       F      G
               +--------+--------+--------+--------+--------+-----+--------+
         Total |  21462 |  20287 |   1175 |   7511 |   8966 |  12 | 1788.5 |
       Dungeon |  21333 |  20197 |   1136 |   7511 |   8876 |  11 | 1939.4 |
        Temple |    129 |     91 |     38 |      0 |     89 |   1 |  129.0 |
               +--------+--------+--------+--------+--------+-----+--------+

Top non-repeatable levels by time:
    D:10: 3776 daAuts
    D:11: 2932 daAuts
     D:3: 2045 daAuts
     D:5: 1922 daAuts
     D:7: 1833 daAuts
     D:4: 1831 daAuts
     D:6: 1630 daAuts
     D:9: 1453 daAuts
     D:1: 1424 daAuts
     D:2: 1410 daAuts
     D:8: 1074 daAuts
  Temple: 129 daAuts
